 Dungeon Crawl Stone Soup version 0.30-b1-2-g02819fbbbe (webtiles) character file.

Game seed: 3628104952310274845

1857 Mesmaeker13 the Vexing (level 8, 0/58 HPs)
             Began as a Demigod Hexslinger on June 20, 2023.
             Killed from afar by a steam dragon (33 damage)
             ... with a ball of steam
             ... on level 7 of the Dungeon.
             The game lasted 00:17:32 (6383 turns).

Mesmaeker13 the Vexing (Demigod Hexslinger)         Turns: 6383, Time: 00:17:34

Health: 0/58       AC: 16    Str: 15    XL:     8   Next: 58%
Magic:  15/15      EV: 11    Int: 19    God:
Gold:   303        SH:  0    Dex: 14    Spells: 8/12 levels left

rFire   x . .        q - +2 mace (protect)
rCold   + . .        (no shield)
rNeg    . . .        u - +0 ring mail
rPois   .            (no helmet)
rElec   .            F - +0 cloak
rCorr   .            (no gloves)
SInv    .            K - +1 pair of boots
Will    .....        p - amulet of magic regeneration
Stlth   +            c - ring of ice
HPRegen 0.29/turn    i - +4 ring of slaying
MPRegen 0.54/turn

%: no passive effects
@: under a protective aura
A: high MP 1, forlorn, divine attributes
a: no special abilities


You were on level 7 of the Dungeon.
You visited 1 branch of the dungeon, and saw 8 of its levels.
You also visited: Sewer and Ossuary.

You collected 352 gold pieces.
You spent 49 gold pieces at shops.

Inventory:

Hand Weapons
 a - a +1 sling
 q - a +2 mace of protection (weapon)
 s - a +0 shortbow
 x - a +0 whip of freezing
Missiles
 J - 2 poisoned darts (quivered)
Armour
 o - a +0 kite shield
 r - a +0 scale mail
 u - a +0 ring mail (worn)
 F - a +0 cloak (worn)
 K - a +1 pair of boots (worn)
Magical Staves
 h - a staff of air
 m - a staff of poison
Jewellery
 c - a ring of ice (left hand)
 e - a ring of willpower
 i - a +4 ring of slaying (right hand)
 p - an amulet of magic regeneration (around neck)
 B - a +6 ring of dexterity
Wands
 I - a wand of polymorph (6)
Scrolls
 b - a scroll of poison
 d - 2 scrolls of vulnerability
 t - 2 scrolls of amnesia
 v - 4 scrolls of enchant weapon
 D - a scroll of fog {unknown}
 E - a scroll of enchant armour
 O - a scroll of noise {unknown}
 P - a scroll of immolation {unknown}
Potions
 g - 2 potions of flight
 k - a potion of curing
 l - 4 potions of brilliance
 n - 3 potions of heal wounds
 w - 3 potions of haste
 A - a potion of attraction
 H - a potion of ambrosia
 L - a potion of might {unknown}
 N - 2 potions of degeneration {unknown}


   Skills:
 - Level 0.8 Fighting
 + Level 6.3 Ranged Weapons
 + Level 5.1 Armour
 - Level 1.7 Dodging
 - Level 2.6 Spellcasting
 + Level 6.6 Hexes


You had 8 spell levels left.
You knew the following spells:

 Your Spells              Type           Power      Damage    Failure   Level
a - Slow                  Hex            100%       N/A       1%          1
b - Tukima's Dance        Hex            27%        N/A       5%          3

Your spell library contained the following spells:

 Spells                   Type           Power      Damage    Failure   Level
 Cause Fear               Hex            13%        N/A       19%         4
 Dazzling Flash           Conj/Hex       30%        N/A       22%         3
 Inner Flame              Hex/Fire       15%        N/A       22%         3
 Portal Projectile        Hex/Tloc       30%        N/A       22%         3
 Magic Dart               Conj           8%         1d3       30%         1
 Searing Ray              Conj           4%         2d4       41%         2
 Fulminant Prism          Conj/Hex       7%         3d6       58%         4
 Silence                  Hex/Air        7%         N/A       90%         5
 Agony                    Necr           2%         N/A       100%        5
 Blade Hands              Tmut           1%         N/A       100%        5


Dungeon Overview and Level Annotations

Branches:
Dungeon (8/15)             Temple (0/1) D:7           Sewer (visited)
Ossuary (visited)
   Lair: D:8-11

Shops:
D:4 *   D:5 =   D:6 [

Annotations:
D:5 3 runed translucent doors, Thantalas's ghost, weakling GnDe


Innate Abilities, Weirdness & Mutations

You have an increased reservoir of magic. (+10% MP)
You shall have no god before yourself.
Your divine heritage dramatically boosts your attributes as you level up.


Message History

You start to feel less resistant.
You start resting.
Your resistance to elements expires.
A steam dragon is nearby!
Your +2 mace of protection hums with potential!
q - a +2 mace of protection (weapon)
There is a stone staircase leading down, spattered with blood here.
Okay, then.
Throw: 3 darts (poison)
Press: ? - help, Q - select action, (/) - cycle Shift-Dir - straight line, f - steam dragon
Aim: a steam dragon (63% to hit)
You throw a poisoned dart.
The poisoned dart closely misses the steam dragon.
Unknown command.
The steam dragon barely misses you.
The steam dragon claws you but does no damage.
You hit the steam dragon.
Your weapon exudes an aura of protection.
The steam dragon is lightly wounded.
The steam dragon barely misses you.
The steam dragon claws you but does no damage.
You hit the steam dragon.
The steam dragon is moderately wounded.
The steam dragon bites you. The steam dragon closely misses you.
The steam dragon breathes steam at you.
The ball of steam hits you but does no damage.
You hear a shout!
The steam dragon bites you! The steam dragon closely misses you.
You hit the steam dragon but do no damage.
You punch the steam dragon.
The steam dragon is moderately wounded.
The steam dragon bites you but does no damage.
The steam dragon barely misses you.
You hit the steam dragon.
The steam dragon is heavily wounded.
The steam dragon closely misses you. The steam dragon claws you.
The steam dragon breathes steam at you. The ball of steam hits you!!
The steam scalds you terribly!
Ouch! That really hurt!
You die...

...##..##...## .....# .
..####...#.###. ..... ..
...##.......#..##...##.....
...##...!...##.#.§.........
....#.....................
...##..........§§........
######...........>#....#
#..........§.#...#
.......##..@D#..#
##.........#....#
#.......####(### ..... ###
#.#. # #


You could see a steam dragon (catching breath).

Vanquished Creatures
  Prince Ribbit (D:7)
  2 water moccasins
  An ice beast (D:6)
  A sky beast (D:7)
  3 centaurs
  A phantom (D:6)
  3 scorpions
  A howler monkey (D:4)
  3 hounds
  A jelly (D:7)
  An orc priest (D:3)
  A sleepcap (D:6)
  Ijyb (D:5)
  4 iguanas
  A mummy (Ossuary)
  4 gnolls (D:7)
  5 adders
  A shadow imp (D:6)
  3 white imps
  3 worms
  2 dart slugs
  17 orcs
  6 spectral bats (Ossuary)
  12 ball pythons
  4 bats
  9 endoplasms
  6 giant cockroaches
  6 goblins
  9 hobgoblins
  6 jackals
  5 kobolds
  5 quokkas
  2 bat simulacra (Ossuary)
  A frilled lizard (D:2)
  12 gnoll zombies (Ossuary)
  A goblin simulacrum (Ossuary)
  5 goblin zombies (Ossuary)
  2 hobgoblin zombies (Ossuary)
  2 kobold simulacra (Ossuary)
  8 kobold zombies (Ossuary)
  3 orc zombies (Ossuary)
  3 rats
  A rat simulacrum (Ossuary)
  4 spectral goblins (Ossuary)
  4 spectral kobolds (Ossuary)
  3 spectral rats (Ossuary)
179 creatures vanquished.

Vanquished Creatures (collateral kills)
  An ogre (D:5)
  Blork the orc (D:6)
2 creatures vanquished.

Vanquished Creatures (others)
  5 fungi
  3 plants (D:5)
8 creatures vanquished.

Grand Total: 189 creatures vanquished

Notes
Turn   | Place    | Note
-------+----------+-------------------------------------------
     0 | D:1      | Mesmaeker13 the Demigod Hexslinger began the quest for the
                  | Orb.
     0 | D:1      | Reached XP level 1. HP: 15/15 MP: 4/4
   139 | D:1      | Reached XP level 2. HP: 22/22 MP: 6/6
   776 | D:2      | Reached XP level 3. HP: 27/27 MP: 8/8
  1865 | D:3      | Reached XP level 4. HP: 33/33 MP: 9/9
  2836 | D:4      | Reached XP level 5. HP: 33/39 MP: 11/11
  3008 | D:4      | Found a glowing drain.
  3021 | Sewer    | Entered a sewer
  3079 | Sewer    | Noticed a water moccasin
  3091 | Sewer    | Killed a water moccasin
  3092 | Sewer    | Reached skill level 1 in Armour
  3092 | Sewer    | Reached XP level 6. HP: 25/46 MP: 13/13
  3418 | D:4      | Found Siosishe's General Store.
  3421 | D:4      | Bought a +0 cloak for 49 gold pieces
  3731 | D:5      | Entered Level 5 of the Dungeon
  3731 | D:5      | Noticed Thantalas's ghost (weakling GnDe)
  3731 | D:5      | Found a runed translucent gate.
  3731 | D:5      | Found a runed translucent gate.
  3731 | D:5      | Found a runed translucent gate.
  3798 | D:5      | Noticed Ijyb
  3804 | D:5      | Killed Ijyb
  3962 | D:5      | Found Haniyp's Jewellery Emporium.
  3970 | D:5      | Learned a level 3 spell: Tukima's Dance
  4062 | D:5      | Reached XP level 7. HP: 50/51 MP: 14/14
  4111 | D:5      | Reached skill level 5 in Hexes
  4386 | D:6      | Noticed Blork the orc
  4392 | D:6      | Killed Blork the orc
  4647 | D:6      | Reached skill level 5 in Ranged Weapons
  4666 | D:6      | Found Ruelur's Armour Shop.
  5292 | D:7      | Noticed a steam dragon
  5344 | D:7      | Found a staircase to the Ecumenical Temple.
  5404 | D:7      | Reached XP level 8. HP: 54/58 MP: 15/15
  5410 | D:7      | Found a sand-covered staircase.
  5583 | Ossuary  | Entered an ossuary
  6278 | D:7      | Noticed Prince Ribbit
  6323 | D:7      | Killed Prince Ribbit
  6324 | D:7      | Reached skill level 5 in Armour
  6383 | D:7      | Killed from afar by a steam dragon

Illustrated notes

Levels and vault maps discovered:
D:1:      minmay_arrival_arboretum_large, layout_loops_ring
D:2:      layout_basic, serial_rivers, chequers_serial_rivers_large_b,
          chequers_serial_rivers_micro_c, chequers_serial_rivers_micro_b,
          chequers_serial_rivers_room_b, chequers_serial_rivers_small_b,
          minmay_surrounded
D:3:      layout_basic, general_overflow_altar, kennysheep_small_spiral
D:4:      layout_cave_pools, portal_sewer_entry_a, serial_shops,
          kennysheep_mini_moat
D:5:      layout_gridville, nicolae_overflow_hidden_temple,
          gammafunk_ghost_nasty_kobolds, serial_shops, shop, uniq_ijyb
D:6:      layout_loops_ring, old_standard_altar, mainiacjoe_overflow_boulevard,
          serial_shops, shop, uniq_blork_the_orc
D:7:      layout_cave_pools, temple_hall, nicolae_ossuary_entry_monument,
          dreamdust_gnoll_farm, uniq_prince_ribbit1
D:8:      layout_rooms, uniq_amaemon

Skill      XL: |  1  2  3  4  5  6  7  8 |
---------------+-------------------------+-----
Ranged Weapons | 2 3 4 5 6 |  6.3
Hexes          | 3 4 5 6 |  6.6
Spellcasting   | 2 |  2.6
Armour         | 1 2 4 5 |  5.1
Fighting       | |  0.8
Dodging        | |  1.7

Action                     |  1- 3 |  4- 6 |  7- 9 || total
---------------------------+-------+-------+-------++-------
  Melee: Mace              |    15 |    13 |   210 ||   238
         Punch             |       |       |     4 ||     4
   Fire: Sling             |   101 |   169 |    42 ||   312
         Shortbow          |       |       |    39 ||    39
  Throw: Dart              |       |       |     1 ||     1
   Cast: Slow              |     4 |       |       ||     4
         Tukima's Dance    |       |     1 |     1 ||     2
  Evoke: Wand              |       |       |     3 ||     3
    Use: Potion            |     2 |       |     8 ||    10
         Scroll            |       |     7 |     7 ||    14
   Stab: Invisible         |       |       |     1 ||     1
         Paralysed         |       |       |     1 ||     1
 Armour: Robe              |     8 |       |       ||     8
         Ring mail         |     7 |    32 |   143 ||   182
  Dodge: Dodged            |    54 |    57 |   170 ||   281
